 Dungeon Crawl Stone Soup version 0.26-a0-1205-g4083c211ab (webtiles) character file.

Game seed: 9692073041357347194

88 shakesphere1979 the Gusty (level 4, -2/33 HPs)
             Began as a Draconian Air Elementalist on Dec 29, 2020.
             Slain by an iron imp (3 damage)
             ... summoned by Natasha
             ... on level 2 of the Dungeon.
             The game lasted 00:08:31 (2119 turns).

shakesphere1979 the Gusty (DrAE)                    Turns: 2119, Time: 00:08:31

Health: -2/33      AC:  5    Str: 10    XL:     4   Next: 30%
Magic:  7/7        EV: 12    Int: 17    God:
Gold:   159        SH:  0    Dex: 11    Spells: 7/8 levels left

rFire    . . .     SeeInvis .   i - +2 short sword (freeze)
rCold    . . .     Faith    .   (no shield)
rNeg     . . .     Spirit   .   (armour unavailable)
rPois    .         Reflect  .   (helmet restricted)
rElec    .         Harm     .   (no cloak)
rCorr    .         Rampage  .   (no gloves)
Will     .....                  (no boots)
Stlth    ++........             (no amulet)
HPRegen  0.11/turn              (no ring)
MPRegen  0.10/turn              (no ring)

@: no status effects
A: unfitting armour, cold-blooded, AC +5
a: no special abilities


You were on level 2 of the Dungeon.
You visited 1 branch of the dungeon, and saw 2 of its levels.

You collected 159 gold pieces.

Inventory:

Hand Weapons
 i - a +2 short sword of freezing (weapon)
 n - a +0 hunting sling
Missiles
 d - 118 stones
 j - 23 bolts
 k - 22 arrows
Jewellery
 c - an uncursed amulet of regeneration {unknown}
Scrolls
 a - a scroll of enchant armour {unknown}
 e - a scroll of noise {unknown}
 f - a scroll of identify {unknown}
 g - a scroll of teleportation {unknown}
 h - a scroll of blinking {unknown}
 l - 2 scrolls of remove curse {unknown}
 m - a scroll of magic mapping {unknown}
Potions
 b - a potion of curing


   Skills:
 + Level 2.4 Dodging
 + Level 2.5 Stealth
 + Level 2.6 Spellcasting
 + Level 2.0 Conjurations
 + Level 3.4 Air Magic


You had 7 spell levels left.
You knew the following spells:

 Your Spells              Type           Power        Failure   Level
a - Shock                 Conj/Air       44%          6%          1

Your spell library contained the following spells:

 Spells                   Type           Power        Failure   Level
 Swiftness                Air            14%          7%          2
 Static Discharge         Conj/Air       11%          19%         3
 Airstrike                Air            7%           41%         4
 Lightning Bolt           Conj/Air       5%           86%         5


Dungeon Overview and Level Annotations

Branches:
Dungeon (2/15)

Altars:

Annotations:
D:2 Natasha


Innate Abilities, Weirdness & Mutations

Your plain brown scales are hard. (AC +5)
You cannot fit into any form of body armour.
You are cold-blooded and may be slowed by cold attacks.


Message History

Natasha casts a spell at you. The magic dart hits you.
* * * LOW HITPOINT WARNING * * *
You closely miss Natasha.
Natasha is heavily wounded.
Natasha casts a spell.
You barely miss Natasha.
Natasha is heavily wounded.
Natasha barely misses you.
You hit Natasha but do no damage.
Natasha is heavily wounded.
Natasha mumbles some strange words.
You feel disoriented. Natasha claws you.
* * * LOW HITPOINT WARNING * * *
Natasha barely misses you.
You miss Natasha. You tail-slap Natasha.
Natasha is almost dead.
The iron imp hits you.
You die...

### ... #.. #.#
#.# #######.####
......5@...###
......h......#.#
.........#.#.#.#
########...#.#.#
...
########.#.####...
.................
#.######.......#
#.......#
#.†.....#


You could see an iron imp (summoned) and Natasha.

Vanquished Creatures
  Natasha (D:2)
  An ooze (D:2)
  A worm (D:2)
  5 dart slugs
  A leopard gecko (D:1)
  4 giant cockroaches
  4 goblins
  5 hobgoblins
  2 jackals (D:1)
  7 kobolds
  A quokka (D:2)
  3 bats (D:1)
  7 frilled lizards (D:1)
  6 rats
48 creatures vanquished.

Notes
Turn   | Place    | Note
-------+----------+-------------------------------------------
     0 | D:1      | shakesphere1979 the Draconian Air Elementalist began the
                  | quest for the Orb.
     0 | D:1      | Reached XP level 1. HP: 14/14 MP: 3/3
    72 | D:1      | Reached XP level 2. HP: 5/20 MP: 0/5
   886 | D:1      | Reached XP level 3. HP: 24/26 MP: 6/6
  1486 | D:2      | Noticed Natasha
  1495 | D:2      | Killed Natasha
  1897 | D:2      | Found a faded altar of an unknown god.
  1947 | D:2      | Reached XP level 4. HP: 32/33 MP: 7/7
  2102 | D:2      | Noticed Natasha
  2118 | D:2      | HP: 1/33 [Natasha (2)]
  2119 | D:2      | Slain by an iron imp

Illustrated notes

Levels and vault maps discovered:
D:1:      amcnicky_arrival_blooded_trapdoor, layout_loops_ring, serial_bayou,
          serial_bayou_lake_a, serial_bayou_pond_d, serial_bayou_pond_b,
          serial_bayou_crossing, minmay_indecisive_spiral
D:2:      layout_basic, chequers_ecumenical_altar_simple, uniq_natasha

Skill      XL: |  1  2  3  4 |
---------------+-------------+-----
Stealth        | 2 |  2.5
Dodging        | 2 |  2.4
Conjurations   | 2 |  2.0
Spellcasting   | |  2.6
Air Magic      | |  3.4

Action                   |  1- 3 |  4- 6 || total
-------------------------+-------+-------++-------
Melee: Dagger            |    18 |       ||    18
       Unarmed           |     3 |       ||     3
       Short sword       |    40 |    53 ||    93
       Tailslap          |     4 |     7 ||    11
 Cast: Shock             |    26 |       ||    26
Armor: Skin              |    24 |    17 ||    41
Dodge: Dodged            |    52 |    25 ||    77

Table legend: (Time is in decaauts)
 A = Elapsed time spent in this place.
 B = Non-inter-level travel time spent in this place.
 C = Inter-level travel time spent in this place.
 D = Time resting spent in this place.
 E = Time spent auto-exploring this place.
 F = Levels seen in this place.
 G = Mean time per level.
                   A        B        C        D        E       F      G
               +--------+--------+--------+--------+--------+-----+--------+
         Total |   2186 |   2141 |     45 |    457 |   1001 |   2 | 1093.0 |
       Dungeon |   2186 |   2141 |     45 |    457 |   1001 |   2 | 1093.0 |
               +--------+--------+--------+--------+--------+-----+--------+

Top non-repeatable levels by time:
     D:1: 1727 daAuts
     D:2: 458 daAuts
